cohdb
Replays
Latest Replays
All Replays
Popular Replays
Top Player Replays
Match Explorer
How It Works
Community
CoH3 Stats
Reddit
Sign in to upload your games and track your stats! →
Sign in with Steam
Match 44687698
Unlisted
Match 44687698
Overview
Messages
Build Orders
End
Construct Barracks
Riflemen Squad
Riflemen Squad
Riflemen Squad
Mechanized Support Center
Construct Weapon Support Center
Riflemen Squad
M3 Armored Personnel Carrier
Construct Medical Station
Selects Heavy Weapons
Selects Assault Carriers
Selects Halftrack Strongpoints
M3 Assault Carrier
Engineer Squad
M1918 Browning Automatic Rifles
M1919 Machine Gun Team
Selects M2HB .50cal Heavy Machine Gun
Grenade Package
Selects Rapid Reposition
M1919 Machine Gun Team
Construct Tank Depot
Selects Black Dragon Artillery Barrage
|||||||||||||||||||||||||
DMTriBorn2Party
能力越小 责任越少
BRNOBOLEST
checki117
grapple.boi69
Mustache and Melons
BOSSTTRUPPEN
0
0
Comments
sign in to comment!
No comments posted yet!